 Dungeon Crawl Stone Soup version 0.28-a0-94-g325244837d (webtiles) character file.

Game seed: 17091450879524169885

17 Leeroy the Slasher (level 2, -2/23 HPs)
             Began as a Djinni Warper on Aug 7, 2021.
             Slain by Robin (9 damage)
             ... on level 2 of the Dungeon.
             The game lasted 00:01:16 (1158 turns).

Leeroy the Slasher (Djinni Warper)                  Turns: 1158, Time: 00:01:16

Health: -2/23      AC:  3    Str: 10    XL:     2   Next: 80%
Gold:   69         EV: 11    Int: 14    God:
                   SH:  0    Dex: 12

rFire   + + .      SeeInvis .   a - +0 falchion
rCold   x . .      Faith    .   (no shield)
rNeg    . . .      Spirit   .   b - +0 leather armour
rPois   ∞          Reflect  .   (no helmet)
rElec   .          Harm     .   (no cloak)
rCorr   .          Rampage  .   (no gloves)
Will    .....                   (boots unavailable)
Stlth   +.........              (no amulet)
HPRegen 0.07/turn               (no ring)
MPRegen 0.00/turn               (no ring)

@: flying
A: sickness immunity, fire resistance 2, cold vulnerability 1, float, innate
caster, hp casting, extra vitality 1
a: no special abilities


You were on level 2 of the Dungeon.
You visited 1 branch of the dungeon, and saw 2 of its levels.

You collected 69 gold pieces.

Inventory:

Hand Weapons
 a - a +0 falchion (weapon)
Missiles
 d - 5 boomerangs of dispersal (quivered)
Armour
 b - a +0 leather armour (worn)
Magical Staves
 i - a staff of air
Scrolls
 c - a scroll of blinking
 g - a scroll of identify {unknown}
 h - a scroll of enchant armour {unknown}
Potions
 e - 2 potions of might {unknown}
 f - a potion of attraction {unknown}


   Skills:
 - Level 2.0 Fighting
 + Level 2.8 Long Blades
 - Level 0.7 Throwing
 - Level 1.0 Armour
 - Level 2.1 Dodging
 - Level 2.4 Spellcasting


You couldn't memorise any spells.
You knew the following spells:

 Your Spells              Type           Power      Damage    Failure   Level
a - Blink                 Tloc           N/A        N/A       17%         2
b - Lesser Beckoning      Tloc           4%         N/A       34%         3
c - Gell's Gravitas       Tloc           4%         N/A       34%         3
d - Teleport Other        Tloc           8%         N/A       34%         3
e - Manifold Assault      Tloc           8%         N/A       97%         5
Your spell library was empty.

Dungeon Overview and Level Annotations

Branches:
Dungeon (2/15)

Altars:

Annotations:
D:2 Robin


Innate Abilities, Weirdness & Mutations

You are immune to sickness and miasma.
You are immune to poison.
Your flesh is very heat resistant. (rF++)
You are vulnerable to cold. (rC-)
You float through the air rather than walking.
You learn spells naturally, not from books.
Your magical power is your life essence.
You have superior vitality. (+4 HP)


Message History

No target in view!
Found a ring mail.
You see here a +0 ring mail.
You see here 20 arrows.
Done exploring.
No target in view!
Done exploring.
No target in view!
There is a stone staircase leading down here.
You fly downwards. 2 goblins, a hobgoblin and Robin come into view.
The goblin shouts! x2; You hear a shout!
Found a scale mail.
There is a stone staircase leading up here.
There are monsters nearby!
A hobgoblin comes into view.
Robin shouts!
The hobgoblin shouts!
A goblin comes into view. It is wielding a +0 club.
The goblin shouts!
You hit the goblin.
You kill the goblin!
Robin roars a battlecry!
The goblins go into a battle-frenzy!
You hit the hobgoblin.
The hobgoblin is severely wounded.
The hobgoblin closely misses you.
You hit the hobgoblin.
You kill the hobgoblin!
You closely miss the goblin. The goblin hits you with a +0 club.
You slash the goblin!
You kill the goblin!
You hit Robin but do no damage.
A goblin comes into view. It is wielding a +0 club.
Robin barely misses you.
You completely miss Robin. Robin hits you with a +0 mace!
You are too injured to fight recklessly!
You closely miss Robin. Robin hits you with a +0 mace.
Robin says, "Feeling lonely?"
Robin hits you with a +0 mace!
You die...

# . #. #####
#.##...######
###..[.........
.......<......#
..........###.#
......#@#.#
......#g#.#
..... #g# #
....# #g# ....
#g# ... #.# #.#
#.#


You could see Robin, a hobgoblin (strong) and 2 goblins.

Vanquished Creatures
  A dart slug (D:1)
  A giant cockroach (D:1)
  2 goblins (D:2)
  2 hobgoblins
  3 kobolds (D:1)
  A quokka (D:1)
  A ball python (D:1)
  A bat (D:1)
  3 frilled lizards (D:1)
15 creatures vanquished.

Notes
Turn   | Place    | Note
-------+----------+-------------------------------------------
     0 | D:1      | Leeroy the Djinni Warper began the quest for the Orb.
     0 | D:1      | Reached XP level 1. HP: 18/18 MP: 0/0
   245 | D:1      | Reached XP level 2. HP: 16/23 MP: 0/0
  1148 | D:2      | Noticed Robin
  1158 | D:2      | Slain by Robin

Illustrated notes

Levels and vault maps discovered:
D:1:      lemuel_arrival_lava_pool, layout_basic
D:2:      layout_loops_ring, serial_shops, nicolae_shop_behind_doors,
          grunt_ministairs_11, uniq_robin, uniq_sigmund

Skill      XL: |  1 |
---------------+----+-----
Long Blades    | 2 |  2.8
Fighting       | |  2.0
Throwing       | |  0.7
Armour         | |  1.0
Dodging        | |  2.1
Spellcasting   | |  2.4

Action                   || total
-------------------------++-------
Melee: Falchion          ||    45
Armor: Leather armour    ||    10
Dodge: Dodged            ||    26
       Rpst.: Falchion   ||     6

Table legend: (Time is in decaauts)
 A = Elapsed time spent in this place.
 B = Non-inter-level travel time spent in this place.
 C = Inter-level travel time spent in this place.
 D = Time resting spent in this place.
 E = Time spent auto-exploring this place.
 F = Levels seen in this place.
 G = Mean time per level.
                   A        B        C        D        E       F      G
               +--------+--------+--------+--------+--------+-----+--------+
         Total |   1165 |   1063 |    102 |      0 |    957 |   2 |  582.5 |
       Dungeon |   1165 |   1063 |    102 |      0 |    957 |   2 |  582.5 |
               +--------+--------+--------+--------+--------+-----+--------+

Top non-repeatable levels by time:
     D:1: 1154 daAuts
     D:2: 10 daAuts
